woodfighter, chaotic male giant Ranger h ... UG). .h@.. .U.. .... |.- woodfighter the Ranger Experience level: 9 Strength: 24 Dexterity: 14 Constitution: 19 Intelligence: 13 Wisdom: 13 Charisma: 9 Health: 0(85) Energy: 34(34) Def: 19 Gold: 15 Moves: 16949 Dungeon seed [set]: Game ID: woodfighter_1678124387 Your Inventory: Coins $ - 15 gold pieces Amulets U - an uncursed amulet of reflection (being worn) Weapons a - a blessed +2 orcish bow (weapon in hand) l - an uncursed +0 bow v - a blessed +7 elven dagger named Puddingbane w - 3 cursed -3 elven arrows x - 5 uncursed poisoned +0 orcish arrows C - 13 uncursed +0 elven arrows E - an uncursed +0 elven bow F - 3 blessed +3 daggers named Dagger of Carnage H - 80 uncursed +0 arrows I - 9 uncursed +1 arrows L - 8 blessed +0 arrows M - 17 cursed -1 arrows O - 25 cursed +0 arrows T - 11 blessed +1 arrows Armor c - an uncursed +0 dwarvish cloak e - an uncursed +0 elven shield g - an uncursed +0 pair of high boots (being worn) m - an uncursed +0 pair of leather gloves n - a blessed +0 elven cloak o - a blessed +1 pair of elven boots z - a cursed -2 elven leather helm A - an uncursed +0 pair of elven boots D - an uncursed +0 elven cloak (being worn) K - an uncursed +0 elven shield N - an uncursed +2 dented pot (being worn) Y - an uncursed +1 large shield (being worn) Comestibles b - 4 uncursed cram rations p - an uncursed tin of kobold meat Q - an uncursed lizard corpse R - 2 uncursed food rations W - an uncursed tin of gnome meat Wands d - an uncursed wand of digging (0:5) Tools q - an uncursed +0 unicorn horn s - an uncursed sack y - an uncursed bronze key Gems X - an uncursed luckstone Boulders/Statues r - an uncursed boulder Contents of the sack: 3319 gold pieces an uncursed eucalyptus leaf 2 uncursed sprigs of wolfsbane an uncursed scroll of identify a [uncursed] spellbook of haste self a [blessed] potion of gain ability an uncursed potion of sleeping a cursed ring of hunger an uncursed ring of invisibility a [cursed] ring of polymorph an uncursed ring of protection from shape changers a [uncursed] wand of cold [0:8] a [uncursed] wand of magic missile [0:6] an uncursed wand of secret door detection [0:14] an uncursed wand of secret door detection [0:12] an uncursed wand of striking [0:3] a [uncursed] tallow candle [0:200] a [uncursed] worthless piece of blue glass a [uncursed] worthless piece of red glass Spells and supernatural/magical abilities: Name Level Category Fail Memory W - pray for help -- divine ? -- Your skills at the end: Miscellaneous Skills shield [Basic] wands [Basic] Weapon Skills two-handed sword [Basic] bow [Expert] sling [Basic] Spellcasting Skills Final Attributes: You were devoutly aligned. Your writing hand was ok. You had automatic searching. You had infravision. You were somewhat stealthy. You had reflection. You were unlucky. You had extra luck. Bad luck did not time out for you. Good luck did not time out for you. You are dead. Vanquished creatures: 2 giant mimics a small mimic a werebear a large cat a gelatinous cube an elf mummy 2 giant beetles 6 wolves 14 leprechauns a quivering blob a spotted jelly 2 lizards a horse an orc mummy 2 dogs a dingo 2 blue jellies a white unicorn a dust vortex 2 gnome mummies 4 Woodland-elves 3 human zombies 2 rope golems a yellow light an Uruk-hai a rock piercer 2 ponies 3 fog clouds 2 violet fungi 5 gnome lords 4 gnomish wizards a black naga hatchling a golden naga hatchling a guardian naga hatchling a gray ooze 3 elf zombies a ghoul a puppy 2 floating eyes 3 dwarves a kobold lord a kobold shaman 3 iguanas 2 hill orcs a rothe 2 rabid rats a jitterbug a giant bat 6 dwarf zombies 2 wererats 2 werejackals 2 killer bees a coyote 2 gas spores 5 hobbits 3 acid blobs 4 large kobolds a gecko 3 hobgoblins 9 giant rats 5 cave spiders 2 brown molds 5 yellow molds 2 green molds 3 red molds 18 gnomes 9 garter snakes 7 gnome zombies 17 jackals 3 foxes 4 kobolds 9 newts 4 goblins 11 sewer rats 16 grid bugs 5 bats 5 lichens 2 kobold zombies 265 creatures vanquished. Voluntary challenges: You did not cause conflict. You were not invisible. You did not have reflection until turn 15386. You were not displaced. You did not donate to any temples.. You used a wielded weapon 1 time, starting on turn 4109. You did not use plumbed fixtures. You did not drink any magical draughts. You read items or engraved 2 times, starting on turn 7898. You never genocided any monsters. You never polymorphed an object. You never changed form. You cheated 9 times but completed Sokoban on turn 13438. You used no wishes. You did not wear or wield any artifacts. You did not apply or invoke any artifacts. You never split a pudding. You never wrote Elbereth's name. You never violated your personal moral code. You enabled loading special bones files. Dungeon overview: The Dungeons of Doom: levels 1 to 9 Level 1 an altar to Mercury a long staircase Level 2 (vorpal blade) a vault, a weapon shop, a fountain, a sink Level 3 (vault) a vault, a fountain Level 4 (water + vault) a vault stairs to The Gnomish Mines Level 5 (water + box) a fountain Level 6 a general store, a fountain Level 7 (box) many fountains Level 8 stairs to Sokoban Level 9 The Gnomish Mines: levels 5 to 6 Level 5 stairs to The Dungeons of Doom Level 6 <- You were here Sokoban: levels 4 to 7 Level 4 a magic chest Level 5 a delicatessen, a magic chest Level 6 Level 7 a magic chest stairs to The Dungeons of Doom History has recorded: On T:1 you entered the Dungeons of Doom to retrieve the Amulet of Yendor! On T:74 you reached level 2 of The Dungeons of Doom. On T:899 you reached level 3 of The Dungeons of Doom. On T:1762 you advanced to experience level 2. On T:2620 you reached level 4 of The Dungeons of Doom. On T:3494 you advanced to experience level 3. On T:3532 you reached level 5 of The Dungeons of Doom. On T:3854 you reached level 1 of The Gnomish Mines. On T:4190 you advanced to experience level 4. On T:4653 you reached level 6 of The Dungeons of Doom. On T:4958 you advanced to experience level 5. On T:5258 you reached level 7 of The Dungeons of Doom. On T:6633 you advanced to experience level 6. On T:7706 you reached level 8 of The Dungeons of Doom. On T:8305 you advanced to experience level 7. On T:8464 you reached level 4 of Sokoban. On T:8907 you opened a magic chest. On T:9333 you reached level 3 of Sokoban. On T:10321 you reached level 2 of Sokoban. On T:11337 you reached level 1 of Sokoban. On T:13438 you entered the Sokoban zoo. On T:13444 you advanced to experience level 8. On T:14603 you reached level 9 of The Dungeons of Doom. On T:16666 you reached level 2 of The Gnomish Mines. On T:16760 you advanced to experience level 9. Score breakdown: Gold: 3334 ( 333 points) Experience: 9 levels ( 800 points) Exploration: 9 levels ( 240 points) Discoveries: 39 items ( 1950 points) Variety of kills: 78 monsters ( 2000 points) Major goal: finished Sokoban ( 1000 points) Survival: died (score multiplied by 3) Total score: 18969 Latest messages: The arrow hits the werebear! The werebear mauls you! The werebear just misses! The hobbit just misses! The gnomish wizard points at you, then curses. The werebear misses. (2x) The black bear misses. (2x) The werebear mauls you! The werebear misses. The hobbit misses. The gnomish wizard points at you, then curses. You shoot 2 arrows. The 1st arrow hits the werebear! The 2nd arrow hits the werebear! You kill the werebear! The black bear misses. (2x) The gnomish wizard points at you, then curses. The brown bear mauls you! The brown bear bites! The black bear mauls you! The black bear bites! The brown bear misses. The brown bear bites! The black bear mauls you! You die... Final status: Goodbye woodfighter the Ranger, killed by a black bear... You died in The Gnomish Mines on dungeon level 6 with 18969 points, and 3334 pieces of gold, after 16949 moves. You were level 9 with a maximum of 85 hit points when you died.